 Dungeon Crawl Stone Soup version 0.26-a0-597-gb535b0901c (webtiles) character file.

Game seed: 9420506689825034817

438490 Gorglomux the Ninja (level 22, -8/115 HPs)
             Began as a Spriggan Brigand on Aug 26, 2020.
             Was the Champion of Wu Jian.
             Mangled by a fire giant
             ... wielding a +2 great sword of flaming
              (10 damage)
             ... on level 5 of the Vaults.
             The game lasted 02:09:28 (46735 turns).

Gorglomux the Ninja (Spriggan Brigand)             Turns: 46735, Time: 02:09:29

Health: -8/115     AC: 11    Str:  7    XL:     22   Next: 98%
Magic:  23/23      EV: 41    Int: 16    God:    Wu Jian [******]
Gold:   1242       SH: 16    Dex: 36    Spells: 21/21 levels left

rFire    . . .     SeeInvis +   d - +7 captain's cutlass {speed, disarm}
rCold    + + .     Faith    .   e - +5 buckler of Card Tricks {Dex+3 Stlth+}
rNeg     . . .     Spirit   .   f - +4 troll leather armour
rPois    +         Reflect  .   Y - +2 hat {SInv}
rElec    +         Harm     .   z - scarf {+Inv}
rCorr    .                      (gloves unavailable)
MR       +++..                  (boots unavailable)
Stlth    ++++++++++             y - amulet "Ijarch" {rElec rC+ Regen+}
HPRegen  1.09/turn              o - ring of poison resistance
MPRegen  0.18/turn              q - ring "Elueng" {rC+ Int+3 Dex+6 Stlth+}

@: slightly contaminated, invisible, very quick
A: very small, unfitting armour, see invisible, speed 3, mutation resistance 1
}: 2/15 runes: decaying, gossamer
a: Wall Jump, Serpent's Lash, Heavenly Storm, Renounce Religion


You were on level 5 of the Vaults.
You worshipped Wu Jian.
Wu Jian was exalted by your worship.
You visited 8 branches of the dungeon, and saw 42 of its levels.
You also visited: Bailey and Volcano.

You collected 4335 gold pieces.
You spent 3093 gold pieces at shops.

Inventory:

Hand Weapons
 a - a +9 quick blade of draining
 b - a +6 rapier of electrocution
 d - the +7 captain's cutlass (weapon) {speed, disarm}
   (You found it on level 2 of the Depths)

   Attacks with this weapon are significantly faster.
Missiles
 Z - 5 throwing nets
Armour
 e - the +5 buckler of Card Tricks (worn) {Dex+3 Stlth+}
   (You bought it in a shop on level 1 of the Orcish Mines)

   It affects your dexterity (+3).
   It makes you more stealthy.
 f - a +4 troll leather armour (worn)
 n - a scarf of shadows
 u - a scarf of repulsion
 z - a scarf of invisibility (worn)
 N - +2 fire dragon scales
 Y - a +2 hat of see invisible (worn)
Jewellery
 c - an uncursed ring of protection from cold
 o - a ring of poison resistance (left hand)
 q - the ring "Elueng" (right hand) {rC+ Int+3 Dex+6 Stlth+}
   (You bought it in a shop on level 2 of the Orcish Mines)

   [ring of dexterity]

   It affects your intelligence (+3).
   It affects your dexterity (+6).
   It protects you from cold.
   It makes you more stealthy.
 y - the amulet "Ijarch" (around neck) {rElec rC+ Regen+}
   (You bought it in a shop on level 2 of the Orcish Mines)

   [amulet of regeneration]

   It protects you from cold.
   It insulates you from electricity.
   It increases your rate of regeneration.
 G - an uncursed amulet of the acrobat
Wands
 h - a wand of disintegration (27)
 A - a wand of acid (8)
 D - a wand of digging (4)
 E - a wand of enslavement (13)
 I - a wand of iceblast (12)
 J - a wand of polymorph (15)
 P - a wand of paralysis (38)
 V - a wand of flame (86)
Scrolls
 g - a scroll of summoning
 k - 3 scrolls of fear
 p - 5 scrolls of fog
 r - 11 scrolls of amnesia
 s - 5 scrolls of immolation
 B - 5 scrolls of blinking
 M - 8 scrolls of magic mapping
 R - 6 scrolls of identify
 T - 19 scrolls of teleportation
 U - a scroll of holy word
 W - 9 scrolls of remove curse
Potions
 i - 8 potions of brilliance
 j - 2 potions of resistance
 l - 8 potions of flight
 m - 5 potions of berserk rage
 t - 6 potions of lignification
 v - a potion of invisibility
 w - 11 potions of heal wounds
 x - 4 potions of might
 C - 2 potions of cancellation
 H - 7 potions of haste
 K - 5 potions of ambrosia
 L - 4 potions of magic
 O - 2 potions of mutation
 Q - 19 potions of curing
 S - 4 potions of stabbing
Miscellaneous
 F - a condenser vane (2/2)
 X - a lightning rod (4/4)


   Skills:
 - Level 12.0 Fighting
 - Level 18.6 Short Blades
 - Level 7.0 Throwing
 - Level 8.0 Armour
 + Level 20.5 Dodging
 O Level 27 Stealth
 - Level 7.2 Shields
 O Level 27 Evocations


You had 21 spell levels left.
You didn't know any spells.
Your spell library contained the following spells:

 Spells                   Type           Power        Failure   Level
 Animate Skeleton         Necr           #.....       34%         1
 Apportation              Tloc           #.....       34%         1
 Corona                   Hex            #......      34%         1
 Foxfire                  Conj/Fire      #...         34%         1
 Magic Dart               Conj           #...         34%         1
 Pain                     Necr           #...         34%         1
 Sandblast                Erth           #.....       34%         1
 Summon Small Mammal      Summ           #...         34%         1
 Blink                    Tloc           N/A          45%         2
 Call Imp                 Summ           #.......     45%         2
 Ensorcelled Hibernation  Hex/Ice        #.....       45%         2
 Passwall                 Tmut/Erth      #.......     45%         2
 Poisonous Vapours        Pois/Air       #.....       45%         2
 Searing Ray              Conj           #.....       45%         2
 Slow                     Hex            #.......     45%         2
 Confusing Touch          Hex            #.......     71%         3
 Conjure Flame            Conj/Fire      #.......     71%         3
 Dazzling Flash           Conj/Hex       #.....       71%         3
 Inner Flame              Hex/Fire       #.......     71%         3
 Mephitic Cloud           Conj/Pois/Air  #.......     71%         3
 Portal Projectile        Hex/Tloc       #.....       71%         3
 Stone Arrow              Conj/Erth      #.....       71%         3
 Tukima's Dance           Hex            #.......     71%         3
 Vampiric Draining        Necr           #.........   71%         3
 Animate Dead             Necr           #.........   98%         4
 Cause Fear               Hex            #.........   98%         4
 Fulminant Prism          Conj/Hex       #.........   98%         4
 Iskenderun's Mystic Bla  Conj/Tloc      #.......     98%         4
 Leda's Liquefaction      Hex/Erth       #.........   98%         4
 Petrify                  Tmut/Erth      #.......     98%         4
 Sticky Flame             Conj/Fire      #.......     98%         4
 Summon Lightning Spire   Summ/Air       #.......     98%         4
 Agony                    Necr           #.......     100%        5
 Bolt of Magma            Conj/Fire/Erth #.........   100%        5
 Borgnjor's Vile Clutch   Necr/Erth      #.........   100%        5
 Fireball                 Conj/Fire      #.........   100%        5
 Iskenderun's Battlesphe  Conj           #.......     100%        5
 Lee's Rapid Deconstruct  Erth           #.........   100%        5
 Silence                  Hex/Air        #.........   100%        5
 Conjure Ball Lightning   Conj/Air       #.........   100%        6
 Death Channel            Necr           #.........   100%        6
 Freezing Cloud           Conj/Ice/Air   #.........   100%        6
 Iron Shot                Conj/Erth      #.........   100%        6
 Simulacrum               Ice/Necr       #.........   100%        6
 Orb of Destruction       Conj           #.........   100%        7
 Spellforged Servitor     Conj/Summ      #.........   100%        7
 Tornado                  Air            #.........   100%        9


Dungeon Overview and Level Annotations

Branches:
Dungeon (15/15)            Temple (1/1) D:4            Lair (6/6) D:11
  Swamp (4/4) Lair:2       Spider (4/4) Lair:2        Slime (0/5) Lair:5
    Orc (2/2) D:9             Elf (0/3) Orc:2        Vaults (5/5) D:13
  Crypt (0/3) Vaults:2     Depths (5/5) D:15            Zot (0/5) Depths:5
 Bailey (visited)         Volcano (visited)

Altars:
Ashenzari
Cheibriados
Dithmenos
Elyvilon
Fedhas
Gozag
Hepliaklqana
Kikubaaqudgha
Makhleb
Nemelex Xobeh
Okawaru
Qazlal
Ru
Sif Muna
Trog
Uskayaw
Vehumet
Wu Jian
Xom
Yredelemnul
Zin
The Shining One
Beogh
Jiyva

Shops:
D:4 (   D:8 *   Orc:1 [   Orc:2 }([=   Vaults:1 :   Vaults:2 (   Depths:5 :([

Portals:
Hell: Depths:1 Depths:2 Depths:4 Depths:5
Abyss: Depths:2 Depths:4 Depths:5
Trove: Vaults:3 (give +5 demon whip)

Annotations:
D:3 Grinder
D:8 p0werm0de's ghost, novice DDFi
D:12 2 transporters, Rijeol's ghost, novice MiFi
Lair:5 3 runed translucent doors, HoaS's ghost, journeyman FoFi
Spider:2 2 transporters


Innate Abilities, Weirdness & Mutations

You are very small and have problems with some larger weapons.
You are too small for most types of armour.
You have supernaturally acute eyesight. (SInv)
You cover ground extremely quickly.
You are somewhat resistant to further mutation.


Message History

Things that are here:
a +0 arbalest; 18 bolts; a yaktaur corpse You hit the yaktaur captain.
The yaktaur captain is almost dead.
You puncture the yaktaur captain!
You kill the yaktaur captain!
The Council accepts your kill. The yaktaur completely misses you.
You spin and attack the yaktaur repeatedly.
You catch the helpless yaktaur completely off-guard!
You skewer the yaktaur like a kebab!!!
You kill the yaktaur!
The Council accepts your kill.
A lindwurm comes into view.
Things that are here:
a +1 vorpal arbalest; 15 bolts You lunge at the yaktaur, in a flurry of attacks.
You strike the helpless yaktaur from behind!
You skewer the yaktaur like a kebab!!!!
You kill the yaktaur!
The Council accepts your kill.
Things that are here:
a +0 arbalest; 19 bolts; 43 gold pieces You lunge at the lindwurm, in a flurry of attacks.
You puncture the lindwurm!
The lindwurm is moderately wounded.
You hit the lindwurm.
The lindwurm is moderately wounded.
The lindwurm breathes flames at you. The blast of flame misses you.
Things that are here:
a +0 arbalest; 28 bolts You spin and attack the lindwurm repeatedly.
You catch the helpless lindwurm completely off-guard!
You spit the lindwurm like a pig!!!
You kill the lindwurm!
The Council accepts your kill.
The lindwurm's shape twists and changes as it dies.
You are lightly contaminated with residual magic.
You feel less exhausted.
The fire giant gestures at you while chanting.
The fireball explodes!
The fireball engulfs you!!!
* * * LOW HITPOINT WARNING * * *
There is nothing to wall jump against here.
You lunge at the fire giant.
You puncture the fire giant!
The fire giant is heavily wounded.
The fire giant hits you with a +2 great sword of flaming!!
* * * LOW HITPOINT WARNING * * *
The fire giant burns you!
You die...

#...#[[#....#...#...#...(..(..#..
##.#$#}#....#.....#...#.).[.#..)#
##...##....#...#.....##..|##....
##.#.#.#....#.........###.###....
#().#..#....#................)...
.#.#.#.#....#...#.......)#.......
).#.).##....#............).).....
.#.#.#.#....#...#.#.....#.#.....#
#...#..#....#..W@................
.#.#.#.#.)..#..C#.#.#..#.#.#..#.#
..#.....(.[.[..)))†..............
######....).)(###################
................)..^.(..........)
.........).....).................
#################################


You could see a fire giant (strong) and a shadow wraith (invisible).

Vanquished Creatures
  Mara (Depths:2)
  Nikola (Depths:2)
  A golden dragon (Vaults:5)
  2 bone dragons
  Arachne (Spider:2)
  Jorgrun (D:13)
  2 tentacled monstrosities
  Rupert (D:13)
  The ghost of Joiregrunwi the Severer, an adept DDFi of Gozag (Swamp:2)
  2 liches
  2 thorn hunters
  3 sphinxes
  Roxanne (Swamp:2)
  A shadow dragon (Vaults:5)
  7 fire giants
  Donald (Spider:1)
  Kirke (D:14)
  4 tengu reavers
  A draconian knight (Depths:5)
  8 vault wardens
  3 emperor scorpions
  A deep elf sorcerer (Vaults:2)
  3 frost giants
  An orc warlord (Orc:1)
  Louise (Spider:4)
  Aizul (Spider:3)
  3 ghost moths (Spider:4)
  A draconian shifter (Depths:5)
  14 stone giants
  11 ironheart preservers
  A war gargoyle (Vaults:4)
  A spriggan defender (Depths:4)
  5 entropy weavers
  10 very ugly things
  2 black draconians (Depths:5)
  A vampire knight (Vaults:2)
  2 deep elf demonologists
  A dire elephant (D:15)
  Azrael (D:14)
  A purple draconian (Depths:5)
  A deep elf annihilator (Vaults:2)
  A red draconian (Depths:5)
  7 spark wasps
  2 yellow draconians (Depths:5)
  A merfolk impaler (Depths:4)
  9 ettins
  Josephine (Lair:5)
  2 deep elf death magi (Vaults:2)
  16 yaktaur captains
  13 fire dragons
  5 great orbs of eyes
  7 rakshasas
  16 hydras
  A shambling mangrove (Swamp:3)
  A catoblepas (Lair:5)
  27 vault guards
  2 ghost crabs
  8 ice dragons
  12 alligators
  14 centaur warriors
  5 spriggan air magi
  80 two-headed ogres
  4 deep troll earth magi
  5 deep troll shamans
  4 tengu warriors
  3 death yaks (Lair:4)
  2 spriggan berserkers
  A titan zombie (Depths:1)
  A storm dragon zombie (Depths:1)
  4 vampire magi
  27 ogre magi
  6 deep elf knights
  10 spriggans
  A fire crab (shapeshifter) (D:14)
  2 skeletal warriors (Volcano)
  A shadow wraith (Depths:3)
  An iron troll (Depths:5)
  2 death drakes
  3 swamp dragons
  A hell knight (Depths:2)
  3 glowing orange brains
  2 flayed ghosts
  4 spriggan druids
  25 deep trolls
  8 wizards
  3 unseen horrors
  4 deep elf archers
  3 anaconda skeletons (Volcano)
  An obsidian statue (Spider:1)
  10 ironbrand convokers
  2 spectral hydras
  4 phantasmal warriors
  A lindwurm (shapeshifter) (Vaults:5)
  14 orc knights
  17 orb spiders
  An oklob plant (Lair:2)
  A mana viper (shapeshifter) (Vaults:5)
  An orb spider (shapeshifter) (Depths:1)
  3 orc sorcerers
  A sphinx skeleton (Depths:1)
  5 necromancers
  A frost giant zombie (Depths:1)
  A spectral alligator (Swamp:2)
  A wolf spider (shapeshifter) (Vaults:5)
  7 cyclopes
  A cyclops (shapeshifter) (Vaults:2)
  2 manticores
  12 deep elf magi
  2 salamanders
  38 wolf spiders
  48 ugly things
  3 moths of wrath
  An iron dragon skeleton (Depths:1)
  9 elephants (Lair:6)
  A naga mage (Vaults:2)
  A centaur zombie (D:15)
  A guardian serpent (Lair:6)
  9 black mambas
  10 vault sentinels
  24 cane toads
  4 torpor snails
  5 gargoyles
  18 demonic crawlers
  A yaktaur (shapeshifter) (Vaults:3)
  10 komodo dragons
  A kobold demonologist (D:15)
  3 swamp worm zombies (Swamp:4)
  42 yaktaurs
  3 freezing wraiths
  A merfolk (shapeshifter) (Vaults:5)
  An anaconda simulacrum (Depths:3)
  6 trolls
  4 tengu conjurers
  A polar bear (Lair:6)
  3 hydra zombies (Swamp:4)
  28 jumping spiders
  3 meliai (D:14)
  A blink frog (shapeshifter) (Vaults:2)
  9 bog bodies
  18 tyrant leeches
  45 slime creatures
  24 hornets
  2 alligator zombies (Swamp:4)
  4 raiju (Depths:3)
  11 blink frogs
  A hippogriff (shapeshifter) (D:15)
  A human simulacrum (Vaults:2)
  A raiju (shapeshifter) (Vaults:2)
  4 spectral swamp dragons (Swamp:4)
  10 hippogriffs
  4 large abominations (Depths:4)
  2 flying skulls
  A centaur simulacrum (D:14)
  9 wyverns
  10 wraiths
  67 redbacks
  7 shadows
  2 yaks (shapeshifter) (Vaults:1)
  31 tarantellas
  4 fire elementals (D:14)
  51 yaks
  A hog (shapeshifter) (Depths:1)
  A hog (D:14)
  A human (shapeshifter) (Depths:2)
  10 water elementals
  A basilisk (shapeshifter) (Vaults:3)
  5 basilisks
  A chaos spawn (Depths:4)
  17 humans (D:13)
  14 vampire mosquitoes
  2 nagas (shapeshifter)
  A soldier ant (D:11)
  An acid dragon (D:15)
  16 swamp worms
  29 insubstantial wisps
  13 wargs
  A swamp worm (shapeshifter) (Vaults:5)
  9 hell hounds
  A hydra simulacrum (Swamp:2)
  24 water moccasins
  7 porcupines
  A floating eye (Depths:2)
  48 orc warriors
  4 sky beasts
  2 ice beasts
  6 swamp drakes
  An ettin simulacrum (Vaults:2)
  87 ogres
  An alligator simulacrum (Swamp:2)
  3 phantoms (Swamp:4)
  19 boggarts
  3 elephant zombies (Lair:5)
  An eye of draining (D:12)
  4 swamp dragon zombies (Swamp:4)
  33 wolves
  14 centaurs
  14 crocodiles
  A spriggan simulacrum (Swamp:2)
  7 big kobolds
  A wyvern zombie (D:9)
  19 bullfrogs
  A water moccasin zombie (D:9)
  4 wyvern skeletons
  2 scorpions
  8 small abominations (Depths:4)
  3 killer bees (D:11)
  2 spriggan skeletons (Volcano)
  10 electric eels
  13 wights
  5 howler monkeys
  8 jellies
  A quasit (D:6)
  6 hounds
  A basilisk zombie (Lair:5)
  19 orc priests
  30 orc wizards
  A bullfrog skeleton (D:10)
  6 centaur skeletons
  Natasha (twice) (D:3)
  4 iguanas
  A spectral swamp drake (Swamp:4)
  9 worker ants
  A crocodile zombie (Lair:5)
  A hound zombie (D:9)
  Robin (D:4)
  4 worker ant zombies
  9 gnolls
  2 swamp drake zombies (Swamp:4)
  4 adders
  2 shadow imps
  5 white imps
  An ufetubus (D:4)
  15 oozes
  2 adder skeletons
  3 worms
  2 dart slugs
  3 leopard geckos
  112 orcs
  2 ball pythons
  5 giant cockroaches
  23 goblins
  19 hobgoblins
  13 jackals
  A quokka (D:11)
  4 frilled lizards
  23 kobolds
  12 rats
  2 crawling corpses (Vaults:2)
1984 creatures vanquished.

Vanquished Creatures (collateral kills)
  A centaur (D:6)
1 creature vanquished.

Vanquished Creatures (others)
  A fire dragon (Depths:2)
  A deep troll earth mage (Depths:5)
  A yaktaur (Vaults:1)
  2 wargs (Depths:3)
  A hell hound (Depths:3)
  A wolf (Depths:3)
  2 orcs
  26 fungi
  32 plants
67 creatures vanquished.

Grand Total: 2052 creatures vanquished

Notes
Turn   | Place    | Note
-------+----------+-------------------------------------------
     0 | D:1      | Gorglomux the Spriggan Brigand began the quest for the Orb.
     0 | D:1      | Reached XP level 1. HP: 10/10 MP: 2/2
   445 | D:1      | Reached XP level 2. HP: 13/14 MP: 3/3
   849 | D:1      | Reached skill level 3 in Throwing
  1355 | D:2      | Reached XP level 3. HP: 18/18 MP: 4/4
  1930 | D:2      | Found a white marble altar of Elyvilon.
  2106 | D:2      | Found an opulent altar of Gozag.
  2106 | D:2      | Found a sparkling altar of Nemelex Xobeh.
  2421 | D:3      | Noticed Grinder
  2439 | D:3      | Noticed Natasha
  2441 | D:3      | Killed Natasha
  2441 | D:3      | Reached XP level 4. HP: 22/22 MP: 5/5
  3018 | D:3      | Noticed Natasha
  3030 | D:3      | Killed Natasha
  3212 | D:4      | Found a hide-covered altar of Uskayaw.
  3449 | D:4      | Found Xosiusoe's Weapon Shop.
  3800 | D:4      | Found a staircase to the Ecumenical Temple.
  3901 | Temple   | Entered the Ecumenical Temple
  4189 | Temple   | Became a worshipper of the Wu Jian Council
  4262 | D:4      | Noticed an orc warrior
  4289 | D:4      | Reached XP level 5. HP: 23/25 MP: 6/6
  4290 | D:4      | HP: 1/25 [orc warrior/+0 flail (22)]
  4297 | D:4      | Killed an orc warrior
  4297 | D:4      | Reached skill level 6 in Throwing
  4613 | D:4      | Noticed Robin
  4668 | D:4      | Killed Robin
  5029 | D:4      | Reached XP level 6. HP: 30/30 MP: 7/7
  5398 | D:5      | Entered Level 5 of the Dungeon
  6035 | D:5      | Reached * piety under Wu Jian
  6249 | D:5      | Reached skill level 6 in Stealth
  6367 | D:5      | Reached skill level 1 in Evocations
  6368 | D:5      | Reached XP level 7. HP: 16/33 MP: 8/8
  6550 | D:5      | Found a shadowy altar of Dithmenos.
  6813 | D:6      | Reached skill level 3 in Short Blades
  6933 | D:6      | Reached skill level 3 in Dodging
  7139 | D:6      | Found a glowing golden altar of the Shining One.
  8054 | D:7      | Reached skill level 3 in Evocations
  8548 | D:7      | Reached XP level 8. HP: 5/37 MP: 9/9
  9037 | D:7      | Found a hazy altar of Hepliaklqana.
  9125 | D:7      | Found a glowing silver altar of Zin.
  9301 | D:8      | Found Goazeep's General Store.
  9310 | D:8      | Bought a scroll of fog for 26 gold pieces
  9310 | D:8      | Bought a wand of flame (16) for 117 gold pieces
  9358 | D:8      | Reached ** piety under Wu Jian
  9626 | D:7      | Reached skill level 6 in Dodging
 10230 | D:8      | Got a transparent short sword
 10257 | D:8      | Identified the +1 short sword "Voull" {speed, Str+3 Dex+4
                  | Stlth-} (You found it on level 8 of the Dungeon)
 10326 | D:8      | Found a transporter.
 10328 | D:8      | Found a burning altar of Makhleb.
 10330 | D:8      | Noticed p0werm0de's ghost (novice DDFi)
 10342 | D:8      | Found a transporter.
 10496 | D:8      | Reached skill level 6 in Evocations
 10818 | D:9      | Reached skill level 6 in Short Blades
 11170 | D:8      | Noticed a troll
 11180 | D:8      | Killed a troll
 11180 | D:8      | Reached XP level 9. HP: 41/41 MP: 7/10
 11367 | D:9      | Found a staircase to the Orcish Mines.
 11395 | D:9      | Reached *** piety under Wu Jian
 11468 | D:9      | Found a roughly hewn altar of Beogh.
 11722 | D:9      | Reached skill level 9 in Evocations
 12017 | D:9      | Found a blossoming altar of Fedhas.
 12116 | D:10     | Entered Level 10 of the Dungeon
 12175 | D:10     | Found a roughly hewn altar of Beogh.
 12192 | D:10     | Reached skill level 9 in Short Blades
 12200 | D:10     | Reached **** piety under Wu Jian
 12423 | D:10     | Reached XP level 10. HP: 45/46 MP: 11/11
 12558 | D:10     | Noticed a two-headed ogre
 12641 | D:10     | Killed a two-headed ogre
 12641 | D:10     | Reached ***** piety under Wu Jian
 12870 | D:10     | Reached skill level 12 in Short Blades
 12966 | D:10     | Reached skill level 9 in Stealth
 12975 | D:10     | Reached skill level 3 in Fighting
 13196 | D:11     | Found a staircase to the Lair.
 13221 | D:11     | Reached XP level 11. HP: 39/52 MP: 12/12
 13466 | D:11     | Found a flagged portal.
 13475 | Bailey   | Entered a bailey
 13558 | Bailey   | Found an iron altar of Okawaru.
 13558 | Bailey   | Noticed an orc sorcerer
 13559 | Bailey   | Noticed an orc sorcerer
 13562 | Bailey   | Killed an orc sorcerer
 13564 | Bailey   | Killed an orc sorcerer
 13971 | Bailey   | Noticed an orc knight
 13978 | Bailey   | Killed an orc knight
 13978 | Bailey   | Reached skill level 12 in Stealth
 14022 | Bailey   | Acquired a +3 quick blade
 14174 | Bailey   | Got an iridescent war axe
 14330 | D:11     | Got a scorched hand axe
 14349 | D:11     | Noticed a green ugly thing
 14355 | D:11     | Killed a green ugly thing
 14466 | D:11     | Reached skill level 12 in Evocations
 14975 | Lair:1   | Entered Level 1 of the Lair of Beasts
 15393 | Lair:1   | Noticed an eight-headed hydra
 15401 | Lair:1   | Killed an eight-headed hydra
 15401 | Lair:1   | Reached XP level 12. HP: 59/60 MP: 13/13
 16069 | Lair:2   | Found a staircase to the Swamp.
 16147 | Lair:2   | Noticed a six-headed hydra
 16160 | Lair:2   | Killed a six-headed hydra
 16234 | Lair:2   | Found a hole to the Spider Nest.
 16602 | Lair:2   | Reached skill level 9 in Dodging
 16797 | Lair:3   | Noticed a four-headed hydra
 16797 | Lair:3   | Noticed a five-headed hydra
 16801 | Lair:3   | Killed a five-headed hydra
 16807 | Lair:3   | Killed a four-headed hydra
 16982 | Lair:3   | Reached skill level 15 in Evocations
 17335 | Lair:3   | Noticed a seven-headed hydra
 17344 | Lair:3   | Killed a seven-headed hydra
 17344 | Lair:3   | Reached skill level 12 in Dodging
 17344 | Lair:3   | Reached skill level 1 in Shields
 17523 | Lair:4   | Noticed a death yak
 17524 | Lair:4   | Noticed a death yak
 17525 | Lair:4   | Noticed a death yak
 17531 | Lair:4   | Killed a death yak
 17531 | Lair:4   | Reached XP level 13. HP: 55/63 MP: 14/14
 17551 | Lair:4   | Reached skill level 3 in Shields
 17929 | Lair:4   | Reached ****** piety under Wu Jian
 18721 | Lair:5   | Found a large runed translucent door.
 18722 | Lair:5   | Found a large runed translucent door.
 18742 | Lair:5   | Noticed HoaS's ghost (journeyman FoFi)
 18920 | Lair:5   | Reached skill level 6 in Shields
 19197 | Lair:5   | Noticed Josephine
 19211 | Lair:5   | Killed Josephine
 19258 | Lair:5   | Found a runed translucent door.
 19259 | Lair:5   | Found a viscous altar of Jiyva.
 19260 | Lair:5   | Noticed an acid blob
 19274 | Lair:5   | Found a staircase to the Slime Pits.
 19643 | Lair:6   | Entered Level 6 of the Lair of Beasts
 19798 | Lair:6   | Got a transparent whip
 19991 | Lair:6   | Reached XP level 14. HP: 65/69 MP: 15/15
 20011 | Lair:6   | Reached skill level 6 in Fighting
 20011 | Lair:6   | Reached skill level 15 in Stealth
 20992 | D:12     | Found a transporter.
 20993 | D:12     | Noticed a war gargoyle
 20994 | D:12     | Found a transporter.
 20994 | D:12     | Noticed Rijeol's ghost (novice MiFi)
 21745 | D:13     | Noticed Rupert
 21776 | D:13     | Killed Rupert
 22172 | D:13     | Found a gate to the Vaults.
 22247 | D:13     | Noticed Jorgrun
 22253 | D:13     | Killed Jorgrun
 22253 | D:13     | Reached XP level 15. HP: 77/77 MP: 16/16
 22507 | D:14     | Found an iron altar of Okawaru.
 22569 | D:14     | Noticed Kirke
 22570 | D:14     | Killed Kirke
 22570 | D:14     | Reached skill level 1 in Armour
 22755 | D:14     | Noticed Azrael
 22764 | D:14     | Killed Azrael
 23242 | D:15     | Entered Level 15 of the Dungeon
 23260 | D:15     | Reached skill level 18 in Stealth
 23592 | D:15     | Reached skill level 9 in Fighting
 23840 | D:15     | Got a bone dagger
 23893 | D:15     | Found a staircase to the Depths.
 23897 | D:15     | Reached skill level 3 in Armour
 23914 | D:15     | Reached skill level 18 in Evocations
 24228 | Orc:1    | Entered Level 1 of the Orcish Mines
 24637 | Orc:2    | Entered Level 2 of the Orcish Mines
 24683 | Orc:1    | Noticed an orc warlord
 24697 | Orc:1    | Killed an orc warlord
 24721 | Orc:1    | Found Uworeky's Armour Shoppe.
 24823 | Orc:1    | Bought the +5 buckler of Card Tricks {Dex+3 Stlth+} for 592
                  | gold pieces
 24936 | Orc:2    | Found a staircase to the Elven Halls.
 25025 | Orc:2    | Found a bloodstained altar of Trog.
 25247 | Orc:2    | Found a dark tunnel.
 25256 | Volcano  | Entered a volcano
 25565 | Orc:2    | Found Azemea's Antique Weapon Emporium.
 25565 | Orc:2    | Found Kijeamath's Jewellery Shop.
 25565 | Orc:2    | Found Faxuim's Gadget Boutique.
 25565 | Orc:2    | Found Raah's Armour Emporium.
 25572 | Orc:2    | Reached XP level 16. HP: 84/84 MP: 14/17
 25632 | Orc:2    | Bought the ring "Elueng" {rC+ Int+3 Dex+6 Stlth+} for 1142
                  | gold pieces
 25636 | Orc:2    | Bought a shimmering dagger for 259 gold pieces
 25636 | Orc:2    | Identified the +5 dagger "Byiffuhe" {freeze, *Drain MR+
                  | Str+5} (You bought it in a shop on level 2 of the Orcish
                  | Mines)
 25850 | Swamp:1  | Entered Level 1 of the Swamp
 26544 | Swamp:2  | Found a transporter.
 26544 | Swamp:2  | Noticed Roxanne
 26590 | Swamp:2  | Killed Roxanne
 26802 | Swamp:2  | Found a transporter.
 26803 | Swamp:2  | Noticed Joiregrunwi's ghost (adept DDFi)
 27452 | Swamp:2  | Killed Joiregrunwi's ghost
 27647 | Swamp:3  | Reached XP level 17. HP: 91/91 MP: 16/18
 27745 | Swamp:3  | Reached skill level 21 in Stealth
 28315 | Swamp:4  | Entered Level 4 of the Swamp
 28365 | Swamp:4  | Noticed a tentacled monstrosity
 28392 | Swamp:4  | Killed a tentacled monstrosity
 28771 | Swamp:4  | Noticed a bone dragon
 28775 | Swamp:4  | Gained mutation: You occasionally shout uncontrollably at
                  | your foes. [mutagenic glow]
 29823 | Swamp:4  | Killed a bone dragon
 30354 | Swamp:4  | Got a decaying rune of Zot
 30524 | Spider:1 | Entered Level 1 of the Spider Nest
 30650 | Spider:1 | Reached skill level 12 in Fighting
 30865 | Lair:2   | Gained mutation: Your magical capacity is low. (-10% MP)
                  | [mutagenic glow]
 31014 | Lair:2   | Lost mutation: Your magical capacity is low. (-10% MP)
                  | [potion of mutation]
 31014 | Lair:2   | Lost mutation: You occasionally shout uncontrollably at
                  | your foes. [potion of mutation]
 31014 | Lair:2   | Gained mutation: You are somewhat resistant to further
                  | mutation. [potion of mutation]
 31403 | Spider:1 | Noticed Donald
 31405 | Spider:1 | Killed Donald
 31432 | Spider:1 | Reached skill level 21 in Evocations
 31464 | Spider:1 | Reached skill level 6 in Armour
 31502 | Spider:1 | Reached XP level 18. HP: 53/98 MP: 19/19
 32134 | Spider:2 | Noticed Arachne
 32152 | Spider:2 | Killed Arachne
 32363 | Spider:2 | Found a transporter.
 32576 | Spider:2 | Found a transporter.
 32904 | Spider:3 | Noticed Aizul
 32905 | Spider:3 | Killed Aizul
 33119 | Spider:3 | Acquired a manual of Short Blades
 33401 | Orc:2    | Bought the amulet "Ijarch" {rElec rC+ Regen+} for 714 gold
                  | pieces
 33830 | Spider:4 | Entered Level 4 of the Spider Nest
 33830 | Spider:4 | Noticed Louise
 33832 | Spider:4 | Killed Louise
 34291 | Spider:4 | Got a gossamer rune of Zot
 34863 | Vaults:1 | Entered Level 1 of the Vaults
 35045 | Vaults:1 | Found an iron altar of Okawaru.
 35505 | Vaults:1 | Reached XP level 19. HP: 102/102 MP: 18/20
 36330 | Vaults:1 | Reached skill level 24 in Stealth
 36411 | Vaults:1 | Found Ivvaddoo's Book Emporium.
 36550 | Vaults:2 | Found a staircase to the Crypt.
 36721 | Vaults:2 | Reached skill level 15 in Short Blades
 37066 | Vaults:2 | Identified the +1 leather armour of Xyviucykk {+Blink
                  | Regen+ Int+2}
 37140 | Vaults:2 | Found Wuin's Antique Weapon Shop.
 37157 | Vaults:2 | Bought an ivory broad axe for 243 gold pieces
 37157 | Vaults:2 | Identified the +7 broad axe of Gaig {drain, Dex+4} (You
                  | bought it in a shop on level 2 of the Vaults)
 37468 | Vaults:2 | Found a radiant altar of Vehumet.
 38160 | Vaults:3 | Reached XP level 20. HP: 107/107 MP: 21/21
 39294 | Vaults:3 | Found a portal to a secret trove of treasure.
 40259 | Vaults:4 | Reached skill level 24 in Evocations
 40590 | Vaults:4 | Reached skill level 18 in Short Blades
 41193 | Depths:1 | Entered Level 1 of the Depths
 41193 | Depths:1 | Found a gateway to Hell.
 41340 | Depths:1 | Reached XP level 21. HP: 90/111 MP: 22/22
 41811 | Depths:1 | You fall into a shaft and drop 1 floor!
 42085 | Depths:1 | Reached skill level 27 in Stealth
 42209 | Depths:2 | Noticed Nikola
 42215 | Depths:2 | Killed Nikola
 42516 | Depths:2 | Noticed Mara
 42814 | Depths:2 | Found a one-way gate to the infinite horrors of the Abyss.
 42900 | Depths:2 | Found the +7 captain's cutlass {speed, disarm}
 43335 | Depths:2 | Noticed Gorglomux's illusion
 43486 | Depths:2 | Noticed Gorglomux's illusion
 43654 | Depths:2 | Noticed Gorglomux's illusion
 43759 | Depths:2 | Noticed Gorglomux's illusion
 43775 | Depths:2 | Killed Mara
 44045 | Depths:3 | Reached skill level 15 in Dodging
 44711 | Depths:4 | Reached XP level 22. HP: 115/115 MP: 23/23
 44897 | Depths:5 | Entered Level 5 of the Depths
 45304 | Depths:5 | Found a gate to the Realm of Zot.
 45511 | Depths:5 | Found Sifuqyut's Antique Armour Shop.
 45512 | Depths:5 | Found Kosec's Magic Scroll Shop.
 45512 | Depths:5 | Found Zanef's Book Boutique.
 45518 | Depths:5 | Found Kedos's Antique Weapon Boutique.
 46101 | Vaults:5 | Entered Level 5 of the Vaults
 46136 | Vaults:5 | Reached skill level 18 in Dodging
 46267 | Vaults:5 | Noticed a golden dragon
 46275 | Vaults:5 | Identified the amulet "Jeloq" {Acrobat SInv}
 46276 | Vaults:5 | Killed a golden dragon
 46287 | Vaults:5 | Reached skill level 27 in Evocations
 46735 | Vaults:5 | HP: 2/115 [fire giant/+2 great sword of flaming (31)]
 46735 | Vaults:5 | Mangled by a fire giant

Illustrated notes

Levels and vault maps discovered:
D:1:      eino_arrival_water_cross, layout_loops_ring
D:2:      layout_loops_ring, grunt_temple_overflow_opulence, elyvilon_altar_3
D:3:      layout_loops_corners, uniq_natasha, uniq_grinder
D:4:      minmay_inner_zag, layout_loops_corners,
          eat_drink_and_be_merry_uskayaw, minmay_temple_entry_nine_rooms,
          serial_shops, shop_statue, uniq_robin
D:5:      layout_rooms, grunt_dithmenos_shadows
D:6:      layout_basic, kennysheep_little_box
D:7:      layout_rooms, nicolae_overflow_crystal_walls, zin_scriptorium
D:8:      cheibrodos_elevator_heist, layout_cave_pools,
          makhleb_heckhound_becter, serial_shops, nicolae_shop_statue_plus,
          gammafunk_ghost_smash
D:9:      layout_loops_cross, lemuel_round_altar, minmay_orc_entry_temple_small
D:10:     layout_roguey [special_room_orc]
D:11:     layout_irregular_city, minmay_lair_entry_grove, enter_bailey_2
D:12:     layout_gridville, gammafunk_ghost_arena
D:13:     layout_basic, grunt_vaults_entry_tiered, uniq_jorgrun, uniq_rupert
D:14:     layout_basic, basic_altar, palyth_stone_intersect, uniq_azrael,
          uniq_kirke
D:15:     hangedman_depths_entry_try_elsewhere_first, layout_irregular_city,
          minmay_tree_intersection
Temple:   minmay_temple_forest_path
Lair:1:   layout_loops_ring, grunt_megastairs_5
Lair:2:   lemuel_slime, layout_chaotic_city,
          nicolae_swamp_entry_splash_gauntlet, spider_nest_entry_a,
          fungi_pond_lemuel, lemuel_fruit_tree
Lair:3:   layout_loops_ring
Lair:4:   layout_gridlike
Lair:5:   pond_and_an_island_with_a_cottage, layout_cave_pods, slime_altar_2,
          ebering_ghost_disaster_area, uniq_josephine
Lair:6:   hangedman_lair_tendril_chambers, layout_regular_city,
          grunt_megastairs_1
Swamp:1:  layout_basic_swamp, hangedman_swamp_lotus, infiniplex_staircase_pool
Swamp:2:  layout_basic_swamp, gammafunk_ghost_mausoleum,
          nicolae_swamp_little_tower, uniq_roxanne
Swamp:3:  layout_basic_swamp, evilmike_swamp_ruin_house_4,
          cheibrodos_swamp_slimy
Swamp:4:  swamp_pestilence, layout_basic_swamp, swamp_pool2,
          statue_in_the_mist_lemuel
Spider:1: spider_temple_joshua, uniq_donald
Spider:2: gammafunk_its_a_trap, nicolae_spider_webs_and_nodes, uniq_arachne
Spider:3: layout_spider_delve, uniq_aizul
Spider:4: grunt_spider_rune_island, uniq_louise
Orc:1:    layout_caves, serial_shops, nicolae_shop_waterfront, nooodl_orcs_dogs
Orc:2:    st_orc_ogre_mass, layout_caves, nicolae_volcano_entry_hallway,
          basic_altar
Vaults:1: ontoclasm_vaults_ring_small, nicolae_vaults_shelves_hall,
          grunt_vaults_funnel, nicolae_vaults_mini_display_case,
          vaults_room_pool, nicolae_vaults_shelves_hall,
          hangedman_vaults_stream, v_misc_24, nicolae_vaults_ring_of_whatevers,
          ontoclasm_vaults_claustrophobia, v_misc_14, layout_vaults_quadrants,
          serial_shops, shop, basic_altar
Vaults:2: nicolae_vaults_little_squares_2, minmay_crypt_entry_simple_statues,
          v_pattern_3, ontoclasm_vaults_gateway, v_rooms_2, vaults_room_corners,
          grunt_vaults_twisty, vaults_room_door_hall, v_misc_13,
          grunt_tower_of_power, nicolae_vaults_shelves_hall, v_misc_5,
          nicolae_vaults_little_squares_3, vaults_room_grid,
          layout_vaults_omnicross, serial_shops, shop
Vaults:3: vaults_dpeg_spiral, vaults_mumra_hex, grunt_vaults_trifunnel,
          v_alt_pattern_4, nicolae_vaults_little_squares_2,
          nicolae_vaults_alarming, ontoclasm_vaults_chip,
          nicolae_vaults_ring_of_whatevers, layout_vaults_big_room,
          enter_trove_3
Vaults:4: v_misc_22, v_misc_8, vaults_room_guarded_vault,
          nicolae_vaults_circle_grid_b, nicolae_vaults_network_periphery,
          hangedman_vaults_snaps, ontoclasm_vaults_shuriken,
          ontoclasm_vaults_fault, ontoclasm_vaults_pinch,
          hangedman_vaults_locks, hangedman_vaults_slice, vaults_mumra_chevron,
          vaults_room_hallway, vaults_dpeg_cross, vaults_room_hallway,
          layout_vaults_maze_bifur
Vaults:5: uniq_frederick
Depths:1: layout_cave_pools, hangedman_abyss_or_decor_passed, hell_entry,
          kennysheep_generic_room_7
Depths:2: minmay_the_grid_four_pointed_star_mashed
          [minmay_the_grid_triangle_9x9_corrupted_corridor,
          minmay_the_grid_triangle_9x9_checkered,
          minmay_the_grid_triangle_9x9_sparse_checkered,
          minmay_the_grid_triangle_9x9_stretched_checkered,
          minmay_the_grid_prize_four_corners_diamond_b], layout_gridlike,
          hell_entry, serial_glass, glass_columns_a, glass_columns_a,
          due_unseen_surprise, item_on_display_a, abyss_entry, st_stairs_1,
          dk_noncrumbling_2, uniq_mara, uniq_nikola
Depths:3: lemuel_river_lethe, serial_shops, abyss_entry, hell_entry, pan_entry,
          uniq_mennas
Depths:4: grated_community_mu [grated_community_mu_vampire_home,
          grated_community_mu_giant_home, grated_community_mu_spellcaster_home,
          grated_community_mu_orcish_home, grated_community_mu_troll_home,
          grated_community_mu_taur_home, grated_community_mu_unbuilt_plot],
          layout_gridlike, minmay_room_of_horrors, minmay_staircase_statues,
          pf_coc_iceberg
Depths:5: grunt_zot_entry_alcove, layout_cave_pools, hell_entry, fountainhead,
          abyss_entry, lemuel_old_faithful, minmay_shoptagon

Skill      XL: |  1  2  3  4  5  6  7  8  9 10 11 12 13 14 15 16 17 18 19 20 21 22 |
---------------+-------------------------------------------------------------------+-----
Throwing       | 3 4 5 6 7 |  7.0
Stealth        | 6 7 8 10 13 14 17 19 20 22 23 25 26 27 | 27.0
Dodging        | 2 4 6 12 15 20 | 20.5
Evocations     | 1 3 7 10 12 15 17 18 19 21 22 23 24 25 27 | 27.0
Short Blades   | 4 6 9 12 13 17 18 | 18.6
Fighting       | 3 5 8 9 11 12 | 12.0
Shields        | 2 7 |  7.2
Armour         | 4 6 7 8 |  8.0

Action                   |  1- 3 |  4- 6 |  7- 9 | 10-12 | 13-15 | 16-18 | 19-21 | 22-24 || total
-------------------------+-------+-------+-------+-------+-------+-------+-------+-------++-------
Melee: Dagger            |   130 |   122 |   197 |       |       |       |       |       ||   449
       Hunting sling     |       |       |     1 |       |       |       |       |       ||     1
       Short sword       |       |       |   360 |   258 |       |       |       |       ||   618
       Quick blade       |       |       |       |   602 |  1389 |  1992 |  2403 |   394 ||  6780
       Rapier            |       |       |       |       |       |       |   266 |   111 ||   377
       Cutlass           |       |       |       |       |       |       |       |    37 ||    37
 Fire: Hunting sling     |       |     6 |    49 |       |       |       |       |       ||    55
Throw: Dart              |    27 |    48 |    35 |       |       |     1 |       |       ||   111
Invok: Lunge             |       |    28 |    30 |    82 |   177 |   198 |   232 |    47 ||   794
       Whirlwind         |       |     3 |    50 |   248 |   360 |   676 |   882 |   187 ||  2406
       Serpent's Lash    |       |       |     1 |     4 |    14 |    31 |    47 |    12 ||   109
       Heavenly Storm    |       |       |       |     2 |     4 |     3 |     1 |       ||    10
 Abil: Wall Jump         |       |       |    30 |     8 |     5 |    16 |    22 |     2 ||    83
       Evoke Invisibilit |       |       |     6 |    23 |    32 |    39 |    40 |     7 ||   147
       Evoke Flight      |       |       |       |       |       |    23 |       |       ||    23
       Stop Flying       |       |       |       |       |       |     3 |       |       ||     3
Evoke: Wand              |       |     9 |     6 |     8 |     4 |    29 |    21 |    27 ||   104
       Lightning rod     |       |       |       |       |       |    12 |     4 |       ||    16
  Use: Scroll            |       |    12 |     5 |    12 |    10 |    12 |    13 |     5 ||    69
       Potion            |       |       |       |       |       |     6 |       |     1 ||     7
 Stab: Sleeping          |    12 |     3 |    14 |    53 |   120 |   176 |   153 |    59 ||   590
       Distracted        |       |     2 |     1 |     2 |     2 |    10 |    27 |     1 ||    45
       Invisible         |       |       |    32 |    93 |   135 |   164 |   128 |    32 ||   584
       Held in net/web   |       |       |       |       |       |     1 |       |       ||     1
       Betrayed ally     |       |       |       |       |       |       |     2 |       ||     2
       Paralysed         |       |       |       |       |       |       |     1 |     2 ||     3
Armor: Robe              |     6 |    11 |     9 |       |       |       |       |       ||    26
       Troll leather arm |       |       |    10 |    13 |    23 |    29 |    42 |     7 ||   124
       Swamp dragon scal |       |       |       |       |       |    38 |       |       ||    38
Dodge: Dodged            |    76 |    89 |   411 |   243 |   328 |   551 |   512 |   143 ||  2353
       Repelled          |       |       |     2 |       |       |       |       |       ||     2
Block: Buckler           |       |       |       |       |    41 |   519 |   490 |   123 ||  1173

Table legend: (Time is in decaauts)
 A = Elapsed time spent in this place.
 B = Non-inter-level travel time spent in this place.
 C = Inter-level travel time spent in this place.
 D = Time resting spent in this place.
 E = Time spent auto-exploring this place.
 F = Levels seen in this place.
 G = Mean time per level.
                   A        B        C        D        E       F      G
               +--------+--------+--------+--------+--------+-----+--------+
         Total |  32783 |  30757 |   2026 |   3974 |  18723 |  44 |  745.1 |
       Dungeon |  12891 |  12287 |    604 |    859 |   8907 |  15 |  859.4 |
        Temple |    195 |    165 |     30 |      0 |    163 |   1 |  195.0 |
          Lair |   4127 |   3815 |    312 |    321 |   2680 |   6 |  687.8 |
         Swamp |   3528 |   3391 |    137 |   1117 |   1327 |   4 |  882.0 |
   Spider Nest |   2631 |   2307 |    324 |    231 |   1277 |   4 |  657.8 |
  Orcish Mines |    873 |    752 |    121 |      0 |    511 |   2 |  436.5 |
        Vaults |   4576 |   4235 |    341 |    528 |   2253 |   5 |  915.2 |
        Depths |   3072 |   2917 |    155 |    561 |   1323 |   5 |  614.4 |
        Bailey |    694 |    694 |      0 |    263 |    278 |   1 |  694.0 |
       Volcano |    191 |    191 |      0 |     92 |      0 |   1 |  191.0 |
               +--------+--------+--------+--------+--------+-----+--------+

Top non-repeatable levels by time:
     D:4: 1558 daAuts
Spider:1: 1354 daAuts
     D:7: 1219 daAuts
 Swamp:3: 1172 daAuts
     D:8: 1158 daAuts
Vaults:1: 1146 daAuts
 Swamp:4: 1132 daAuts
Vaults:2: 1030 daAuts
Depths:2: 1010 daAuts
Vaults:3: 991 daAuts
     D:6: 990 daAuts
Vaults:4: 977 daAuts
     D:1: 943 daAuts
Depths:1: 907 daAuts
     D:2: 904 daAuts
